 Dungeon Crawl Stone Soup version 0.25-a0-1024-gbfbf38f2cb (webtiles) character file.

Game seed: 612980468941582348, levelgen mode: deterministic

1304 Flugslaktarn the Chopper (level 8, -3/60 HPs)
             Began as an Octopode Fighter on May 12, 2020.
             Was a Believer of Okawaru.
             Slain by an orc warrior
             ... wielding a +2 morningstar of draining
              (16 damage)
             ... on level 6 of the Dungeon.
             The game lasted 00:03:44 (6382 turns).

Flugslaktarn the Chopper (Octopode Fighter)         Turns: 6382, Time: 00:03:45

Health: -3/60      AC:  1    Str: 15    XL:     8   Next: 57%
Magic:  11/11      EV: 13    Int: 10    God:    Okawaru [**....]
Gold:   230        SH: 10    Dex: 14    Spells: 7/7 levels left

rFire    . . .     SeeInvis .   a - +0 war axe
rCold    . . .     Gourm    .   b - +1 kite shield
rNeg     . . .     Faith    .   (helmet restricted)
rPois    .         Spirit   .   (no amulet)
rElec    .         Reflect  .   (no ring)
rCorr    .         Harm     .   (no ring)
MR       .....                  (no ring)
Stlth    ++........             (no ring)
HPRegen  0.20/turn              (no ring)
MPRegen  0.12/turn              (no ring)
                                (no ring)
                                (no ring)

@: drained
A: almost no armour, stealthy swim, amphibious, 8 rings, constrict 8, camouflage
1, robust 1, screaming 1, gelatinous body 1
a: Heroism, Renounce Religion


You were on level 6 of the Dungeon.
You worshipped Okawaru.
Okawaru was pleased with you.
You were not hungry.

You visited 1 branch of the dungeon, and saw 6 of its levels.

You collected 230 gold pieces.

Inventory:

Hand Weapons
 a - a +0 war axe (weapon)
Missiles
 g - a curare-tipped dart (quivered)
Armour
 b - a +1 kite shield (worn)
Jewellery
 i - an uncursed ring of ice {unknown}
   (You found it on level 5 of the Dungeon)
Wands
 c - a wand of iceblast (3)
   (You found it on level 4 of the Dungeon)
Scrolls
 m - a scroll of enchant weapon
 r - 2 scrolls of identify
 t - 3 scrolls of teleportation
Potions
 d - a potion of might
 f - a potion of magic {unknown}
 h - a potion of haste
 k - a potion of flight
 n - 2 potions of resistance
Comestibles
 e - 6 rations
 j - 2 chunks of flesh


   Skills:
 + Level 5.0(4.1) Fighting
 * Level 6.2(5.3) Axes
 + Level 5.1(4.1) Dodging
 + Level 5.0(4.1) Shields
 + Level 4.0(3.1) Invocations


You had 7 spell levels left.
You didn't know any spells.
Your spell library contained the following spells:

 Spells                   Type           Power        Failure   Level  Hunger
 Magic Dart               Conj           #...         83%         1    ##.....
 Searing Ray              Conj           #.....       93%         2    ###....
 Dazzling Flash           Conj/Hex       #.....       99%         3    ####...
 Fulminant Prism          Conj/Hex       #.........   100%        4    #####..
 Iskenderun's Mystic Bla  Conj/Tloc      #.......     100%        4    #####..


Dungeon Overview and Level Annotations

Branches:
Dungeon (6/15)             Temple (0/1) D:4

Altars:
Nemelex Xobeh
Okawaru
Ru
Vehumet
Zin
The Shining One


Innate Abilities, Weirdness & Mutations

You cannot wear most types of armour.
You are very stealthy in the water. (Stealth+)
You are amphibious.
You can wear up to eight rings at the same time.
You can use your tentacles to constrict eight enemies at once.
Your skin changes colour to match your surroundings (Stealth+).
Your rubbery body absorbs attacks. (AC +1, EV +1)
You are robust. (+10% HP)
You occasionally shout uncontrollably at your foes.


Message History

* * * LOW HITPOINT WARNING * * *
You feel drained.
* * * LOW HITPOINT WARNING * * *
You are too injured to fight recklessly!
You are too injured to fight recklessly!
Unknown command.
You release your grip on the orc warrior.
A quokka comes into view.
An orc wizard comes into view. It is wielding a +0 dagger.
An orc comes into view.
You shout at the orc!
You hear a shout! x2
You see here a whip.
Throwing (i - inventory)
g - 2 curare-tipped darts (quivered)
Press: ? - help, Shift-Dir - straight line, f - orc warrior
Aim: an orc warrior, wielding a +2 morningstar of draining and wearing a +0 plate armour (lightly wounded)
You throw a curare-tipped dart.
The curare-tipped dart barely misses the orc warrior.
The orc warrior hits you with a +2 morningstar of draining!
You die...

#.# #.##########....# #.#
##.#........#.#### #.#
##....######.#.# #.#####
#.....# #.#.#
#.....#######)...######.#.#
#####.....................#
##########.#.######.###
#.#.######.# #@#........#
#o########## #.# #)# #o#
...###.### ..........#
####### ##..###.#.###......
# #........#


You could see an orc warrior and an orc wizard.

Vanquished Creatures
  A hippogriff (D:5)
  Eustachio (D:5)
  Duvessa (D:5)
  3 ogres
  A bullfrog (D:6)
  Dowan (D:5)
  A scorpion (D:6)
  A crimson imp (D:5)
  2 hounds
  An orc priest (D:4)
  3 orc wizards
  A bullfrog skeleton (D:6)
  4 worker ants
  A howler monkey zombie (D:5)
  5 adders
  4 worms
  3 dart slugs
  2 leopard geckos
  7 orcs
  2 ball pythons
  2 giant cockroaches (D:3)
  7 hobgoblins
  8 jackals
  A quokka (D:4)
  6 bats
  3 frilled lizards
  5 goblins
  3 kobolds
  A quokka skeleton (D:5)
  5 rats
86 creatures vanquished.

Notes
Turn   | Place    | Note
-------+----------+-------------------------------------------
     0 | D:1      | Flugslaktarn the Octopode Fighter began the quest for the
                  | Orb.
     0 | D:1      | Reached XP level 1. HP: 16/16 MP: 1/1
   267 | D:1      | Reached XP level 2. HP: 21/21 MP: 2/2
   893 | D:2      | Found an iron altar of Okawaru.
   900 | D:2      | Reached XP level 3. HP: 26/26 MP: 3/3
   905 | D:2      | Became a worshipper of Warmaster Okawaru
   920 | D:2      | Found a sparkling altar of Nemelex Xobeh.
   996 | D:2      | Gained mutation: You occasionally shout uncontrollably at
                  | your foes. [potion of mutation]
   996 | D:2      | Gained mutation: You are robust. (+10% HP) [potion of
                  | mutation]
  1004 | D:2      | HP: 3/63 [poisoned by an adder]
  1011 | D:2      | HP: 1/42 [poisoned by an adder]
  1566 | D:2      | Found a radiant altar of Vehumet.
  1568 | D:2      | Found a glowing golden altar of the Shining One.
  1573 | D:2      | Found a sacrificial altar of Ru.
  1665 | D:2      | Reached skill level 3 in Axes
  1766 | D:2      | Reached skill level 1 in Invocations
  1766 | D:2      | Reached XP level 4. HP: 30/34 MP: 4/4
  2409 | D:3      | Noticed an orc warrior
  2411 | D:3      | Reached XP level 5. HP: 39/39 MP: 4/6
  3043 | D:4      | Found a glowing silver altar of Zin.
  3060 | D:4      | Noticed an ogre
  3064 | D:4      | Killed an ogre
  3064 | D:4      | Reached skill level 4 in Axes
  3064 | D:4      | Reached XP level 6. HP: 41/47 MP: 7/7
  3471 | D:4      | Found a staircase to the Ecumenical Temple.
  3591 | D:4      | Reached * piety under Okawaru
  3971 | D:4      | Reached XP level 7. HP: 50/52 MP: 8/8
  4122 | D:5      | Entered Level 5 of the Dungeon
  4423 | D:5      | Noticed Eustachio
  4444 | D:5      | Killed Eustachio
  4444 | D:5      | Reached skill level 5 in Axes
  4693 | D:5      | Noticed a hippogriff
  4710 | D:5      | Noticed Dowan
  4712 | D:5      | Noticed Duvessa
  4983 | D:5      | Killed a hippogriff
  4983 | D:5      | Reached ** piety under Okawaru
  5354 | D:5      | Reached XP level 8. HP: 55/59 MP: 10/10
  5551 | D:5      | Killed Duvessa
  5555 | D:5      | Killed Dowan
  5801 | D:6      | Reached skill level 6 in Axes
  6064 | D:6      | Reached skill level 5 in Dodging
  6122 | D:6      | Reached skill level 5 in Fighting
  6122 | D:6      | Reached skill level 5 in Shields
  6382 | D:6      | Slain by an orc warrior

Illustrated notes

Levels and vault maps discovered:
D:1:      minmay_arrival_widening_spiral_wide, layout_loops_cross
D:2:      layout_basic, old_standard_altar, grunt_temple_overflow_diamond,
          okawaru_metal_pillars_1_2
D:3:      layout_basic
D:4:      layout_loops_corners, lemuel_doored_altar, lemuel_temple_firewalk_b
D:5:      layout_loops_ring, first_ration, uniq_eustachio, uniq_duvessa
D:6:      layout_loops_corners

Skill      XL: |  1  2  3  4  5  6  7  8 |
---------------+-------------------------+-----
Axes           | 3 4 5 6 |  6.2
Invocations    | 1 2 3 4 |  4.0
Fighting       | 4 5 |  5.0
Dodging        | 4 5 |  5.1
Shields        | 4 5 |  5.0

Action                   |  1- 3 |  4- 6 |  7- 9 || total
-------------------------+-------+-------+-------++-------
Melee: War axe           |    59 |    51 |    75 ||   185
       Constrict         |    14 |    15 |    22 ||    51
       Tentacles         |     5 |    13 |    21 ||    39
Throw: Dart              |       |       |     1 ||     1
Invok: Heroism           |       |       |     1 ||     1
  Use: Potion            |     7 |     1 |     2 ||    10
       Scroll            |       |     6 |     2 ||     8
 Stab: Sleeping          |     6 |     2 |     2 ||    10
  Eat: Chunk             |     3 |     4 |     1 ||     8
       Ration            |       |     1 |     2 ||     3
Armor: Skin              |     6 |     5 |     2 ||    13
Dodge: Dodged            |    33 |    14 |    43 ||    90
Block: Kite shield       |    30 |    25 |    45 ||   100

Table legend:
 A = Non-vault XP
 B = Vault XP
 C = Vault XP percentage of total XP
 D = Non-vault monster count
 E = Vault monster count
 F = Vault count percentage of total count
                 A         B        C        D         E       F
            +---------+---------+-------+---------+---------+-------
      Total |    1432 |     432 |  23.2 |      83 |       3 |   3.5
            +---------+---------+-------+---------+---------+-------
        D:1 |      28 |       0 |   0.0 |      18 |       0 |   0.0
        D:2 |      95 |       0 |   0.0 |      18 |       0 |   0.0
        D:3 |      90 |       0 |   0.0 |      15 |       0 |   0.0
        D:4 |     437 |       0 |   0.0 |      12 |       0 |   0.0
        D:5 |     435 |     432 |  49.8 |      14 |       3 |  17.6
        D:6 |     347 |       0 |   0.0 |       6 |       0 |   0.0
            +---------+---------+-------+---------+---------+-------
